Map: Rhoskallian LE

Players

qqq

  • Race: Protoss Protoss
  • Spawn Location: 11:00

Massa

  • Race: Terran Terran
  • League: Platinum
  • Spawn Location: 12:00

Easy - Winner!

  • Race: Terran Terran
  • League: Diamond
  • Spawn Location: 5:00

Alexey - Winner!

  • Race: Terran Terran
  • League: Diamond
  • Spawn Location: 6:00

VOD

Have the link to the VOD?

Description

Time

  • Played on: Nov. 7, 2020, 5:09 p.m.
  • Length: 11:00
Show
View Real Time Build Order
Export as new Build Order

qqq Protoss 

Build Orders:  

Get SALT Encoding   

  12  0:00  Probe  
  13  0:13  Probe  
  14  0:19  Pylon  
  14  0:29  Probe  
  14  0:34  Pylon  
  15  0:49  Probe  
  16  0:51  Gateway  
  16  0:59  Assimilator  
  16  1:01  Probe  
  17  1:13  Probe  
  18  1:21  Pylon  
  19  1:25  Probe  
  19  1:37  Probe  
  20  1:52  Probe  
  20  2:04  Probe  
  21  2:13  Gateway  
  21  2:18  Cybernetics Core  
  21  2:20  Probe, Nexus  
  22  2:32  Assimilator  
  22  2:33  Pylon  
  24  2:58  Stalker (Chrono Boost)  
  24  3:09  Stalker (Chrono Boost)  
  26  3:18  Stalker (Chrono Boost)  
  28  3:26  Stalker  
  30  3:35  Probe x2  
  32  3:43  Stalker  
  32  3:44  Robotics Facility  
  32  3:47  Probe x2  
  32  3:58  Stalker  
  31  4:13  Stalker  
  31  4:16  Probe x2 (Chrono Boost)  
  33  4:28  Probe (Chrono Boost)  
  34  4:34  Probe  
  34  4:36  Probe  
  36  4:46  Probe (Chrono Boost)  
  36  4:49  Probe (Chrono Boost), Stalker  
  40  4:58  Probe (Chrono Boost)  
  40  4:59  Probe (Chrono Boost)  
  42  5:02  Forge  
  42  5:03  Probe (Chrono Boost)  
  42  5:04  Probe (Chrono Boost)  
  44  5:14  Twilight Council  
  44  5:17  Probe, Pylon  
  44  5:19  Probe  
  46  5:30  Probe  
  46  5:33  Immortal  
  51  5:36  Probe  
  51  5:42  Probe  
  53  5:46  Sentry  
  53  5:47  Sentry  
  57  5:51  Blink  
  57  5:54  Probe  
  57  5:56  Protoss Ground Weapons Level 1  
  58  6:00  Probe  
  59  6:05  Assimilator  
  59  6:06  Probe  
  59  6:10  Assimilator  
  60  6:12  Probe, Observer  
  60  6:18  Photon Cannon  
  62  6:31  Pylon  
  62  6:49  Probe  
  63  7:01  Probe  
  64  7:11  Stargate  
  62  7:26  Stalker x2  
  70  7:30  Immortal  
  70  7:47  Pylon  
  70  7:50  Pylon  
  70  7:51  Pylon  
  69  7:59  Stalker  
  69  8:02  Photon Cannon  
  69  8:05  Stalker  
  69  8:09  Observer  
  64  8:27  Probe  
  64  8:30  Observer  
  66  8:35  Stalker  
  66  8:36  Photon Cannon  
  66  8:39  Probe, Photon Cannon  
  69  8:44  Phoenix  
  69  8:45  Templar Archives  
  69  8:48  Dark Shrine  
  71  8:51  Probe  
  72  9:00  Stalker  
  75  9:04  Probe  
  75  9:05  Stalker  
  75  9:09  Phoenix  
  79  9:16  Probe  
  76  9:28  Probe  
  76  9:30  Nexus, Stalker  
  63  9:32  Pylon  
  63  9:40  Probe  
  59  10:01  High Templar  
  59  10:11  Immortal  
  55  10:52  Gateway  
  55  10:53  Gateway  
Show
View Real Time Build Order
Export as new Build Order

Massa Terran 

Build Orders:  

Get SALT Encoding   

  12  0:00  SCV  
  13  0:12  SCV  
  14  0:24  SCV  
  14  0:26  Supply Depot  
  15  0:31  Refinery  
  15  0:48  SCV, Barracks  
  16  1:03  Supply Depot  
  16  1:07  SCV, Supply Depot  
  17  1:19  SCV  
  18  1:31  SCV  
  19  1:35  Reaper  
  20  1:43  Orbital Command  
  20  2:07  Marine  
  21  2:12  SCV  
  22  2:25  Command Center  
  22  2:26  Barracks Reactor  
  22  2:31  Factory  
  20  3:10  Marine x2  
  22  3:15  Factory Tech Lab  
  21  3:28  Marine  
  22  3:41  Siege Tank  
  22  3:42  Marine  
  22  3:46  Marine  
  27  3:48  Supply Depot  
  27  3:51  SCV  
  28  4:00  Marine  
  27  4:03  SCV  
  27  4:15  SCV  
  27  4:27  SCV  
  28  4:39  SCV  
  28  4:44  Starport  
  29  4:51  SCV  
  30  4:54  Widow Mine, Marine x2  
  34  5:00  Barracks  
  34  5:07  Command Center  
  34  5:12  Marine x2  
  36  5:16  Orbital Command  
  36  5:18  SCV  
  37  5:30  Marine  
  37  5:31  SCV  
  39  5:43  SCV  
  39  5:49  Liberator  
  43  5:53  Barracks Tech Lab  
  43  6:01  Barracks  
  43  6:04  Barracks  
  43  6:12  Refinery  
  43  6:13  Refinery  
  43  6:17  Engineering Bay  
  43  6:18  Refinery  
  40  6:38  Orbital Command  
  25  6:58  Medivac  
  25  6:59  Orbital Command  
  27  7:01  SCV  
  27  7:04  SCV  
  29  7:13  SCV  
  30  7:16  SCV  
  31  7:26  SCV  
  31  7:27  Barracks Tech Lab  
  31  7:28  Barracks Reactor, SCV  
  31  7:29  Marauder, Marine x2  
  37  7:38  SCV  
  34  7:47  Marine  
  35  7:54  Engineering Bay  
  35  7:56  Missile Turret  
  37  7:58  Marauder  
  37  7:59  Marauder, Marine  
  37  8:05  Marine  
  36  8:17  Marine  
  37  8:20  Marauder  
  35  8:40  SCV x2  
  35  8:41  SCV  
  32  8:52  SCV  
  32  8:53  SCV x2  
  35  9:04  SCV  
  35  9:05  SCV x2  
  35  9:06  Missile Turret  
  35  9:34  Widow Mine  
  34  9:39  SCV x2  
  34  9:41  SCV  
  36  9:48  Missile Turret  
  36  9:49  Missile Turret  
  36  9:50  Refinery  
  36  9:51  SCV  
  30  10:04  Marine x4  
  36  10:10  Missile Turret  
  29  10:22  Marine x4  
  30  10:40  Marine x2  
  30  10:42  Marine  
  33  10:44  Factory Tech Lab  
Show
View Real Time Build Order
Export as new Build Order

Easy Terran - Winner!

Build Orders:  

Get SALT Encoding   

  12  0:00  SCV  
  13  0:14  SCV  
  14  0:19  Supply Depot  
  14  0:26  SCV  
  15  0:40  SCV  
  15  0:42  Barracks  
  16  0:47  Refinery  
  16  0:54  Refinery  
  16  0:56  SCV  
  17  1:08  SCV  
  18  1:20  SCV  
  19  1:27  Barracks  
  19  1:30  Reaper  
  20  1:35  SCV  
  21  1:51  SCV  
  22  2:02  Marine  
  23  2:12  Orbital Command, Supply Depot  
  23  2:36  Command Center  
  25  3:01  Barracks Tech Lab  
  23  3:08  SCV  
  24  3:23  SCV  
  24  3:25  Supply Depot  
  25  3:30  Marine x2  
  25  3:31  Stimpack  
  27  3:47  Marine  
  28  4:07  SCV  
  30  4:12  Orbital Command  
  29  4:20  SCV  
  29  4:33  SCV  
  29  4:37  Marine  
  31  4:39  Barracks Reactor  
  31  4:44  SCV  
  32  4:47  SCV  
  32  4:50  Factory  
  32  4:51  Supply Depot  
  32  4:52  Supply Depot  
  33  4:56  SCV  
  33  4:59  SCV  
  35  5:01  Refinery  
  35  5:08  SCV  
  35  5:11  Marine  
  35  5:13  SCV  
  35  5:14  Bunker  
  38  5:19  Marine, Engineering Bay  
  38  5:20  SCV, Marine  
  41  5:26  SCV  
  42  5:29  Marine, Combat Shield  
  42  5:34  Factory Reactor  
  42  5:35  Starport  
  43  5:37  Marine  
  43  5:38  Marine  
  45  5:47  Marine  
  45  5:48  SCV  
  45  5:49  SCV  
  48  5:52  Refinery  
  48  5:55  Marine, Command Center, Terran Infantry Weapons Level 1  
  49  5:58  Engineering Bay  
  49  6:00  SCV, Armory  
  49  6:01  SCV  
  49  6:02  Supply Depot  
  49  6:03  Supply Depot  
  51  6:04  Missile Turret  
  51  6:08  Missile Turret  
  51  6:11  Marine x2  
  53  6:21  Marine, Medivac x2  
  53  6:23  Barracks  
  58  6:26  Factory Tech Lab  
  58  6:29  Marine  
  58  6:30  Marine  
  60  6:33  SCV  
  60  6:34  SCV  
  60  6:39  Marine  
  62  6:45  SCV  
  62  6:46  SCV  
  62  6:47  Marine  
  65  6:51  Marine  
  67  6:57  Marine  
  67  6:58  SCV  
  69  7:04  Marine  
  70  7:12  Siege Tank  
  70  7:13  Orbital Command  
  70  7:14  SCV  
  70  7:15  SCV  
  75  7:16  Marine  
  75  7:17  Marine  
  75  7:20  Barracks Reactor  
  75  7:21  Medivac x2  
  75  7:22  Marine  
  81  7:26  SCV  
  81  7:27  SCV  
  84  7:31  Terran Infantry Armor Level 1  
  84  7:38  SCV  
  84  7:39  SCV  
  86  7:50  Siege Tank  
  86  7:51  Marine x2  
  89  7:52  Marauder  
  89  7:53  Medivac  
  89  7:54  Viking  
  97  8:09  Marine  
  96  8:13  Marauder  
  89  8:26  Marine x3  
  87  8:27  Siege Tank  
  87  8:28  Medivac x2  
  94  8:34  Marauder  
  94  8:39  Terran Infantry Weapons Level 2  
  94  8:41  SCV x2, Orbital Command  
  99  8:53  Marine x2  
  100  9:01  Barracks, Supply Depot  
  100  9:02  Supply Depot  
  100  9:04  Supply Depot  
  100  9:05  Supply Depot  
  100  9:06  Supply Depot  
  100  9:08  Supply Depot  
  100  9:09  Marauder, Siege Tank  
  105  9:14  Marine x3  
  105  9:15  Marine  
  109  9:23  Barracks  
  106  9:31  Marauder  
  103  9:41  Siege Tank  
  105  9:52  Marauder  
  106  9:58  Marine x3  
  106  9:59  Marine  
  109  10:09  Marine  
  109  10:13  Marauder, Siege Tank  
  115  10:16  Marine x2  
  115  10:35  Marauder  
  116  10:36  Marine x4  
  120  10:45  SCV x2  
  120  10:46  SCV  
Show
View Real Time Build Order
Export as new Build Order

Alexey Terran - Winner!

Build Orders:  

Get SALT Encoding   

  12  0:00  SCV  
  13  0:13  SCV  
  14  0:22  Supply Depot  
  14  0:25  SCV  
  15  0:32  Refinery  
  15  0:45  Barracks  
  15  0:51  SCV  
  16  1:14  Barracks  
  16  1:39  Marine  
  17  1:49  Orbital Command  
  17  1:58  Marine  
  18  2:05  Factory  
  18  2:09  Reaper  
  18  2:14  Refinery  
  19  2:17  Reaper  
  19  2:22  SCV  
  21  2:38  Supply Depot  
  21  2:52  Reaper x2  
  23  3:01  Supply Depot  
  23  3:06  Supply Depot  
  22  3:37  SCV  
  22  3:40  Starport  
  20  4:16  Marine x2  
  22  4:22  Starport Reactor  
  22  4:24  Factory Tech Lab  
  22  4:30  Supply Depot  
  22  4:35  Marine  
  22  4:36  Marine, Command Center  
  22  4:37  SCV  
  25  4:47  Siege Tank  
  28  5:01  Medivac  
  28  5:03  Medivac  
  32  5:07  SCV  
  33  5:15  Marine  
  33  5:18  Marine  
  33  5:19  Siege Tank  
  33  5:21  SCV  
  39  5:38  Supply Depot  
  39  5:45  Marine x2  
  39  5:48  SCV  
  43  5:52  Orbital Command  
  42  6:03  Marine x2  
  44  6:05  Siege Tank  
  44  6:06  Medivac  
  41  7:23  Marine x2  
  41  7:29  Viking, Siege Tank  
  46  7:30  Viking  
  46  7:34  SCV x2  
  49  7:41  Marine x2  
  51  7:46  SCV x2  
  52  7:59  Viking  
  52  8:01  Siege Tank  
  55  8:53  Marine x2  
  55  8:55  Viking x2, Siege Tank  
  62  8:59  Refinery  
  62  9:00  Refinery  
  64  9:11  Marine x2  
  66  9:20  Command Center  
  65  9:39  Marine x2  
  67  9:54  Siege Tank  
  67  9:57  Marine x2  
  69  10:15  SCV x2, Marine x2  
  73  10:26  Factory  
  73  10:27  SCV x2  
  75  10:33  Marine  
  75  10:35  Orbital Command  
  76  10:39  SCV x2  
  78  10:42  Refinery  
  78  10:49  Armory  
  83  10:57  Supply Depot  
Tags
 
Add a new tag
Caveats
  • Supply blocks, unpowered buildings, or Contaminate may cause inaccurate times.
  • Supply counts are checked every 10 seconds.